 Dungeon Crawl Stone Soup version 0.21.1-1-g345015fe64 (webtiles) character file.

100 Brecoman the Insei (level 4, 0/35 HPs)
             Began as a Draconian Transmuter on June 18, 2018.
             Slain by ghte's ghost (5 damage)
             ... on level 3 of the Dungeon.
             The game lasted 00:15:37 (2401 turns).

Brecoman the Insei (Draconian Transmuter)           Turns: 2401, Time: 00:15:37

Health: 0/35       AC:  5    Str: 12    XL:     4   Next: 47%
Magic:  6/7        EV: 12    Int: 13    God:
Gold:   167        SH:  0    Dex: 13    Spells: 1/7 levels left

rFire    . . .     SeeInvis .     - Unarmed
rCold    + . .     Gourm    .   (no shield)
rNeg     . . .     Faith    .   (armour unavailable)
rPois    .         Spirit   .   (helmet restricted)
rElec    .         Reflect  .   (no cloak)
rCorr    .         Harm     .   (no gloves)
MR       .....                  (boots currently unavailable)
Stlth    +.........             (no amulet)
HPRegen  0.11/turn              k - ring of wizardry
MPRegen  0.10/turn              g - ring of protection from cold

@: lethally poisoned (0 -> -15), appendage (expiring)
A: unfitting armour, talons 3, cold-blooded, AC +5
a: End Transformation


You were on level 3 of the Dungeon.
You were not hungry.
You had grown temporary talons.
You visited 1 branch of the dungeon, and saw 3 of its levels.

You collected 167 gold pieces.

Inventory:

Missiles
 a - 21 arrows
 f - 138 stones (quivered)
Jewellery
 g - a ring of protection from cold (right hand)
 k - a ring of wizardry (left hand)
Books
 b - a book of Changes

   Spells                             Type                      Level
   a - Beastly Appendage              Transmutation                1
   b - Sticks to Snakes               Transmutation                2
   c - Spider Form                    Transmutation/Poison         3
   d - Ice Form                       Ice/Transmutation            4
   e - Blade Hands                    Transmutation                5
Comestibles
 c - 2 rations


   Skills:
 - Level 1.1 Fighting
 - Level 1.7 Dodging
 + Level 4.2 Unarmed Combat
 - Level 2.0 Spellcasting
 + Level 3.6 Transmutations
 + Level 0.0 Poison Magic


You had one spell level left.
You knew the following spells:

 Your Spells              Type           Power        Failure   Level  Hunger
a - Beastly Appendage     Tmut           ##....       2%          1    ##.....
b - Sticks to Snakes      Tmut           ##......     3%          2    ###....
c - Spider Form           Tmut/Pois      #.........   14%         3    ####...


Dungeon Overview and Level Annotations

Branches:
Dungeon (3/15)

Altars:

Annotations:
D:3 ghte's ghost, amateur TrFi


Innate Abilities, Weirdness & Mutations

Your plain brown scales are hard. (AC +5)
You cannot fit into any form of body armour.
You are cold-blooded and may be slowed by cold attacks.
You have claws for feet.


Message History

Confirm with . or Enter, or press ? or * to list all spells.
Your feet morph into talons.
Ghte's ghost hits you.
You are poisoned.
You hit ghte's ghost but do no damage.
You claw ghte's ghost, but do no damage.
You feel sick.
You hit ghte's ghost. You claw ghte's ghost. You tail-slap ghte's ghost.
Ghte's ghost is moderately damaged.
You feel sick. Ghte's ghost hits you.
* * * LOW HITPOINT WARNING * * *
You feel sick.
You feel sick.
Ghte's ghost hits you but does no damage.
You are lethally poisoned!
* * * LOW HITPOINT WARNING * * *
You feel sick.
Your transformation is almost over.
* * * LOW HITPOINT WARNING * * *
You feel sick. Ghte's ghost hits you.
You die...

#### #..# ##.
#..####....
#..#.....(.
##########..........
#...(....@<.##.#...#
##......W.<.# # #
#..........#
##.......)...[#
##...#..##.....
#...#$....##...
###.##.#..# ..
......... .
##.....#...


You could see ghte's ghost.

Vanquished Creatures
  Jessica (D:3)
  2 adders (D:2)
  An ooze (D:2)
  A worm (D:2)
  2 dart slugs
  A leopard gecko (D:1)
  A ball python (D:2)
  4 bats
  A giant cockroach (D:2)
  4 goblins
  4 hobgoblins
  2 jackals (D:2)
  8 kobolds
  A quokka (D:2)
  6 frilled lizards
  6 rats
45 creatures vanquished.

Notes
Turn   | Place    | Note
-------+----------+-------------------------------------------
     0 | D:1      | Brecoman the Draconian Transmuter began the quest for the Orb.
     0 | D:1      | Reached XP level 1. HP: 16/16 MP: 3/3
   290 | D:1      | Reached XP level 2. HP: 19/23 MP: 3/5
  1095 | D:2      | Reached XP level 3. HP: 24/28 MP: 4/6
  1690 | D:3      | Noticed Jessica
  1690 | D:3      | Noticed ghte's ghost (amateur TrFi)
  1777 | D:3      | Reached skill level 4 in Unarmed Combat
  1783 | D:3      | Killed Jessica
  1783 | D:3      | Reached XP level 4. HP: 26/35 MP: 4/7
  2050 | D:2      | Learned a level 2 spell: Sticks to Snakes
  2054 | D:2      | Learned a level 3 spell: Spider Form
  2401 | D:3      | Slain by ghte's ghost

Skill      XL: |  1  2  3 |
---------------+----------+-----
Transmutations | 3 |  3.6
Unarmed Combat | 4 |  4.2
Fighting       | |  1.1
Dodging        | |  1.7
Spellcasting   | |  2.0

Action                   |  1- 3 |  4- 6 || total
-------------------------+-------+-------++-------
Melee: Unarmed           |   137 |    19 ||   156
       Tailslap          |     7 |     3 ||    10
       Kick              |     4 |     2 ||     6
       Headbutt          |     7 |     2 ||     9
Throw: Stone             |     4 |       ||     4
 Cast: Beastly Appendage |    23 |     3 ||    26
       Spider Form       |       |     1 ||     1
  Use: Scroll            |     3 |     3 ||     6
       Potion            |       |     2 ||     2
  Eat: Chunk             |     3 |       ||     3
       Ration            |       |     1 ||     1
Armor: Skin              |    49 |     8 ||    57
Dodge: Dodged            |   119 |    19 ||   138
